 Dungeon Sprint DCSS version 0.28.0-53-g5a82cb258f (webtiles) character file.

Game seed: 7102805722077315200

4374 Groucho the Unseen (level 10, -3/53 HPs)
             Began as a Spriggan Enchanter on Aug 14, 2022.
             Was an Initiate of Gozag.
             Slain by a crystal guardian (26 damage)
             ... in the Dungeon (Sprint II: "The Violet Keep of Menkaure").
             The game lasted 00:07:58 (1675 turns).

Groucho the Unseen (Spriggan Enchanter)             Turns: 1675, Time: 00:07:59

Health: -3/53      AC:  2    Str:  8    XL:     10   Next: 13%
Magic:  15/27      EV: 24    Int: 17    God:    Gozag
Gold:   605        SH:  0    Dex: 14    Spells: 22/33 levels left

rFire   . . .      SeeInvis +   a - +1 dagger
rCold   . . .      Faith    .   (no shield)
rNeg    . . .      Spirit   .   b - +0 robe
rPois   +          Reflect  .   (helmet restricted)
rElec   .          Harm     .   (no cloak)
rCorr   .          Rampage  .   (gloves unavailable)
Will    +....      NoTele   +   (boots unavailable)
Stlth   +++++++...              (no amulet)
HPRegen 0.17/turn               h - ring of wizardry
MPRegen 0.20/turn               c - ring of poison resistance

@: lethally poisoned (-3 -> -10), gold aura, very quick
A: very small, no large weapons, unfitting armour, see invisible, speed 3,
clumsy 1
a: Renounce Religion, Potion Petition, Call Merchant, Bribe Branch


You were in the Dungeon.
You worshipped Gozag.
Gozag was pleased with you.
You visited 1 branch You collected 1395 gold pieces.
You spent 790 gold pieces at shops.

Inventory:

Hand Weapons
 a - a +1 dagger (weapon)
Armour
 b - a +0 robe (worn)
Jewellery
 c - a ring of poison resistance (right hand)
 h - a ring of wizardry (left hand)
Potions
 d - a potion of curing
 e - a potion of heal wounds
 f - a potion of haste
 g - 2 potions of magic


   Skills:
 + Level 6.0 Fighting
 - Level 10.0 Short Blades
 + Level 13.1 Dodging
 * Level 18.9 Stealth
 + Level 12.1 Spellcasting
 + Level 12.4 Hexes
 + Level 1.7 Necromancy


You had 22 spell levels left.
You knew the following spells:

 Your Spells              Type           Power      Damage    Failure   Level
a - Confusing Touch       Hex            51%        N/A       1%          3
b - Ensorcelled Hibernat  Hex/Ice        62%        N/A       1%          2
c - Tukima's Dance        Hex            51%        N/A       1%          3
d - Dazzling Flash        Conj/Hex       62%        N/A       1%          3

Your spell library contained the following spells:

 Spells                   Type           Power      Damage    Failure   Level


Dungeon Overview and Level Annotations

Branches:
Dungeon (1/1)

Altars:
Cheibriados
Dithmenos
Elyvilon
Fedhas
Gozag
Hepliaklqana
Kikubaaqudgha
Makhleb
Nemelex Xobeh
Okawaru
Qazlal
Ru
Sif Muna
Trog
Uskayaw
Vehumet
Wu Jian
Xom
Yredelemnul
Zin
The Shining One
Beogh
Jiyva
Lugonu

Shops:
D [[:(?=***!::!?=

Annotations:
D exclusion: oklob plant


Innate Abilities, Weirdness & Mutations

You are very small and have problems with some larger weapons.
You are too small for most types of armour.
You have supernaturally acute eyesight. (SInv)
You cover ground extremely quickly. (Speed+++)
You are clumsy. (Dex -2)


Message History

Your Fighting skill increases to level 6!
Your Dodging skill increases to level 13!
Your Spellcasting skill increases to level 12!
Your Necromancy skill increases to level 1!
You have reached level 10!
You feel agile.
You feel much better.
You feel very sick.
The crystal guardian is distracted by your dazzling golden aura.
You hit the crystal guardian but do no damage.
The crystal guardian is no longer distracted by gold.
You feel sick.
Casting: Ensorcelled Hibernation (safe; 1% risk of failure)
Confirm with . or Enter, or press ? or * to list all spells.
Your hands begin to glow red.
You feel sick. The crystal guardian hits you!!
Casting: Confusing Touch (safe; 1% risk of failure)
Confirm with . or Enter, or press ? or * to list all spells.
You don't know that spell.
Casting: Confusing Touch (safe; 1% risk of failure)
Confirm with . or Enter, or press ? or * to list all spells.
You don't know that spell.
Casting: Confusing Touch (safe; 1% risk of failure)
Confirm with . or Enter, or press ? or * to list all spells.
You don't know that spell.
Casting: Confusing Touch (safe; 1% risk of failure)
Confirm with . or Enter, or press ? or * to list all spells.
You don't know that spell.
Casting: Confusing Touch (safe; 1% risk of failure)
Confirm with . or Enter, or press ? or * to list all spells.
You don't know that spell.
Casting: Confusing Touch (safe; 1% risk of failure)
Confirm with . or Enter, or press ? or * to list all spells.
You don't know that spell.
Okay, then.
You hit the crystal guardian but do no damage.
The crystal guardian is completely immune to your confusing touch!
Your hands stop glowing.
You feel sick. The crystal guardian hits you!!
You die...
Your body crumbles into a pile of gold.
SS≈

$ $$ ≈S ..## ≈§ .^. +++#+++
... ....... $ .. .# $ $
.##+##.. #. .# $$ $
##.#.##.####$ +.##k# $ $ $
#÷###.# ...# #..9#### $ $ $
##.#.####..## #@.##.# $
###'###.##..# +..#..# )! $$
.##.##...#..#$ #..#).#▓?$(? $
.'.<.'##.'..####.^##.#▓()$$
.##.##.###....###..○##▓▓▓▓▓▓▓+
###'###.##.§....○≈≈≈≈≈≈≈≈≈≈≈≈.
##.#.####≈§§..§.≈#'########'##
#..#..#≈§≈§≈≈§..≈#_._._...#≈≈≈
##.#.##≈≈≈≈≈≈≈≈.≈#._._._._#§≈≈


You could see a crystal guardian and a swamp drake.

Vanquished Creatures
  2 boulder beetles (D)
  2 death drakes (D)
  A yaktaur (D)
  3 polar bears (D)
  A hornet (D)
  2 wyverns (D)
  4 neqoxecs (D)
  A water moccasin (D)
  A swamp drake (D)
  3 worms (D)
20 creatures vanquished.

Vanquished Creatures (others)
  Menkaure (D)
  A water moccasin (D)
2 creatures vanquished.

Grand Total: 22 creatures vanquished

Notes
Turn   | Place    | Note
-------+----------+-------------------------------------------
     0 | D        | Groucho the Spriggan Enchanter began the quest for the Orb.
     0 | D        | Reached XP level 1. HP: 9/9 MP: 5/5
     1 | D        | Noticed a neqoxec
     1 | D        | Noticed a neqoxec
     1 | D        | Noticed a neqoxec
     1 | D        | Noticed a neqoxec
     2 | D        | Gained mutation: You are clumsy. (Dex -2) [a neqoxec]
    13 | D        | Killed a neqoxec
    14 | D        | Reached skill level 8 in Stealth
    14 | D        | Reached skill level 5 in Spellcasting
    14 | D        | Reached XP level 2. HP: 3/13 MP: 5/9
    14 | D        | Reached XP level 3. HP: 4/16 MP: 6/11
    14 | D        | Reached XP level 4. HP: 5/21 MP: 6/12
    15 | D        | Killed a neqoxec
    16 | D        | Reached skill level 9 in Stealth
    16 | D        | Reached XP level 5. HP: 6/24 MP: 6/15
    20 | D        | Killed a neqoxec
    21 | D        | Reached skill level 10 in Stealth
    21 | D        | Reached XP level 6. HP: 8/28 MP: 6/17
    23 | D        | Killed a neqoxec
    24 | D        | Reached skill level 11 in Stealth
    24 | D        | Reached XP level 7. HP: 6/32 MP: 6/20
   376 | D        | Noticed a boulder beetle
   376 | D        | Noticed a boulder beetle
   380 | D        | Noticed a wyvern
   380 | D        | Noticed a wyvern
   383 | D        | Killed a wyvern
   384 | D        | Reached skill level 1 in Fighting
   384 | D        | Reached skill level 12 in Stealth
   386 | D        | Killed a wyvern
   387 | D        | Reached skill level 10 in Dodging
   398 | D        | Killed Menkaure
   400 | D        | Learned a level 3 spell: Confusing Touch
   403 | D        | Learned a level 2 spell: Ensorcelled Hibernation
   407 | D        | Learned a level 3 spell: Tukima's Dance
   411 | D        | Learned a level 3 spell: Dazzling Flash
   724 | D        | Killed a boulder beetle
   725 | D        | Reached skill level 14 in Stealth
   725 | D        | Reached skill level 10 in Hexes
   725 | D        | Reached XP level 8. HP: 40/40 MP: 18/22
   733 | D        | Killed a boulder beetle
   734 | D        | Reached skill level 15 in Stealth
   734 | D        | Reached skill level 10 in Spellcasting
   734 | D        | Reached XP level 9. HP: 45/45 MP: 17/24
   742 | D        | Found Idwuol's Distillery.
   742 | D        | Found Plog's Distillery.
   742 | D        | Found Funorus's Jewellery Shop.
   742 | D        | Found Irghob's Book Boutique.
   742 | D        | Found Axkiogox's Book Boutique.
   742 | D        | Found Omebele's Magic Scroll Boutique.
   743 | D        | Found Vuusmesie's Assorted Antiques.
   743 | D        | Found Deshi's Assorted Antiques.
   744 | D        | Found Ixzap's Assorted Antiques.
   744 | D        | Found Fisu Ept's Jewellery Boutique.
   744 | D        | Noticed a hell hog
   747 | D        | Noticed a hell hog
   752 | D        | Found Bufoxtudus's Magic Scroll Boutique.
   752 | D        | Found Fetitul's Antique Weapon Shop.
   752 | D        | Noticed an oklob plant
   753 | D        | Found Osus's Antique Armour Shop.
   753 | D        | Found Yvyetaiph's Book Shoppe.
   753 | D        | Found Qorapon's Antique Armour Boutique.
   767 | D        | Bought a ring of poison resistance for 260 gold pieces
   791 | D        | Bought a potion of heal wounds for 55 gold pieces
   791 | D        | Bought a potion of heal wounds for 55 gold pieces
   819 | D        | Bought a ring of wizardry for 420 gold pieces
   840 | D        | Found an iron altar of Okawaru.
   840 | D        | Found an opulent altar of Gozag.
   841 | D        | Found a sparkling altar of Nemelex Xobeh.
   841 | D        | Found a blossoming altar of Fedhas.
   842 | D        | Found a radiant altar of Vehumet.
   842 | D        | Found a burning altar of Makhleb.
   842 | D        | Found a white marble altar of Elyvilon.
   843 | D        | Found a hide-covered altar of Uskayaw.
   843 | D        | Found a corrupted altar of Lugonu.
   843 | D        | Found a shadowy altar of Dithmenos.
   844 | D        | Found a glowing silver altar of Zin.
   844 | D        | Found a bloodstained altar of Trog.
   844 | D        | Found an ancient bone altar of Kikubaaqudgha.
   845 | D        | Found a basalt altar of Yredelemnul.
   845 | D        | Found a shimmering blue altar of Sif Muna.
   845 | D        | Found a viscous altar of Jiyva.
   846 | D        | Found a shimmering altar of Xom.
   846 | D        | Found a sacrificial altar of Ru.
   847 | D        | Found a glowing golden altar of the Shining One.
   847 | D        | Found an ornate altar of the Wu Jian Council.
   848 | D        | Noticed a yaktaur
   848 | D        | Noticed a polar bear
   849 | D        | Noticed a polar bear
   849 | D        | Noticed a polar bear
   857 | D        | Killed a polar bear
   858 | D        | Reached skill level 16 in Stealth
   863 | D        | Killed a polar bear
   867 | D        | Reached skill level 5 in Fighting
   867 | D        | Reached skill level 10 in Short Blades
   867 | D        | Reached skill level 17 in Stealth
   875 | D        | Killed a yaktaur
   893 | D        | Killed a polar bear
   901 | D        | Found a stormy altar of Qazlal.
   903 | D        | Found a snail-covered altar of Cheibriados.
   903 | D        | Found a hazy altar of Hepliaklqana.
   921 | D        | Became a worshipper of Gozag Ym Sagoz the Greedy
  1048 | D        | Noticed a death drake
  1062 | D        | Killed a death drake
  1063 | D        | Reached skill level 18 in Stealth
  1184 | D        | Noticed a crystal guardian
  1186 | D        | Noticed a death drake
  1671 | D        | Killed a death drake
  1672 | D        | Reached skill level 1 in Necromancy
  1672 | D        | Reached XP level 10. HP: 25/53 MP: 18/27
  1675 | D        | Slain by a crystal guardian

Illustrated notes

Levels and vault maps discovered:
D:        the_violet_keep_of_menkaure [sprint2_stairs_cluster_1,
          sprint2_shoproom, sprint2_temple, sprint2_basic_supplies,
          sprint2_obstacle_3, sprint2_obstacle_2, sprint2_obstacle_7,
          sprint2_obstacle_6, sprint2_obstacle_4, sprint2_timed_cluster_1,
          sprint2_smallroom_cluster_1, sprint2_smallroom_final_cluster_1,
          sprint2_transparent_cluster_1, sprint2_second_timed_cluster_1,
          sprint2_sniper_area_1, sprint2_heavy_combat_area_1,
          sprint2_mutation_trap_area_1, sprint2_forest_area_1,
          sprint2_light_combat_area_1, sprint2_behind_water_1,
          sprint2_near_end_vault_1]

Skill      XL: |  1  2  3  4  5  6  7  8  9 |
---------------+----------------------------+-----
Short Blades   | 4 6 7 8 9 10 | 10.0
Dodging        | 6 7 8 9 10 11 13 | 13.1
Stealth        | 8 9 10 11 14 15 18 | 18.9
Spellcasting   | 5 7 8 9 10 12 | 12.1
Hexes          | 6 7 8 10 12 | 12.4
Fighting       | 3 4 6 |  6.0
Necromancy     | 1 |  1.7

Action                   |  1- 3 |  4- 6 |  7- 9 | 10-12 || total
-------------------------+-------+-------+-------+-------++-------
Melee: Dagger            |     9 |    10 |    52 |     2 ||    73
       Punch             |       |       |     1 |       ||     1
 Cast: Ensorcelled Hiber |       |       |    17 |       ||    17
       Confusing Touch   |       |       |     5 |     1 ||     6
  Use: Potion            |     2 |       |     1 |     1 ||     4
       Scroll            |       |       |     1 |       ||     1
 Stab: Invisible         |     3 |     3 |       |       ||     6
       Sleeping          |       |       |    13 |       ||    13
       Confused          |       |       |     8 |       ||     8
Armor: Robe              |       |       |     3 |       ||     3
Dodge: Dodged            |     9 |     6 |    38 |       ||    53
